Map: Polka LE

Players

Sune

  • Race: Terran Terran
  • League: Platinum
  • Spawn Location: 11:00

æon

  • Race: Protoss Protoss
  • Spawn Location: 11:00

Massa

  • Race: Terran Terran
  • League: Platinum
  • Spawn Location: 5:00

qqq

  • Race: Zerg Zerg
  • Spawn Location: 5:00

VOD

Have the link to the VOD?

Description

Time

  • Played on: Oct. 25, 2020, 6:57 a.m.
  • Length: 13:29
Show
View Real Time Build Order
Export as new Build Order

Sune Terran 

Build Orders: 2 Factory, Mech 

Get SALT Encoding   

  12  0:00  SCV  
  13  0:12  SCV  
  14  0:18  Supply Depot  
  14  0:27  SCV  
  15  0:40  Refinery  
  15  0:42  Barracks  
  15  0:46  SCV  
  16  0:58  SCV  
  17  1:10  SCV  
  18  1:29  Orbital Command  
  18  1:30  Marine  
  19  1:41  Command Center  
  19  1:59  SCV  
  20  2:05  Factory  
  20  2:11  SCV  
  21  2:16  Barracks Reactor  
  21  2:23  SCV  
  22  2:30  Refinery  
  22  2:34  Supply Depot  
  22  2:51  Factory Tech Lab  
  22  2:53  Factory  
  22  2:59  Orbital Command  
  22  3:10  Command Center  
  22  3:19  Refinery, Hellion  
  24  3:23  SCV  
  24  3:26  SCV  
  26  3:40  Hellion  
  28  3:43  Infernal Pre-Igniter  
  28  3:52  Factory  
  26  4:23  Siege Tank  
  29  4:30  SCV x2  
  31  4:40  Hellion x2  
  31  4:42  SCV x2  
  37  4:54  SCV  
  37  4:56  Factory  
  37  4:58  Factory  
  38  5:04  SCV  
  38  5:06  Refinery, SCV, Hellion x2  
  44  5:16  SCV  
  44  5:19  SCV  
  46  5:37  Supply Depot  
  46  5:38  Supply Depot  
  46  5:39  SCV x2, Siege Tank  
  46  5:40  Hellion  
  46  5:42  Factory Tech Lab, Factory Reactor  
  53  5:51  SCV  
  53  5:55  Armory  
  54  5:58  SCV  
  54  5:59  Hellion  
  54  6:02  Supply Depot  
  54  6:03  SCV  
  58  6:10  SCV  
  53  6:22  Factory Tech Lab  
  53  6:29  SCV  
  53  6:30  SCV  
  55  6:39  Siege Tank x2  
  61  6:41  Hellion x4  
  61  6:42  SCV x2  
  71  6:50  Supply Depot  
  71  6:52  Supply Depot  
  71  6:54  Thor  
  77  7:07  Hellion x3  
  83  7:11  SCV x2  
  83  7:12  Orbital Command  
  85  7:23  SCV x2  
  87  7:30  Hellion x4  
  95  7:37  Thor  
  95  7:40  SCV x2  
  95  7:41  Thor  
  103  7:46  Supply Depot  
  103  7:58  Engineering Bay  
  99  8:31  Hellion x4, Thor  
  113  8:37  Thor  
  113  9:08  Hellion x2  
  117  9:11  Hellion  
  113  9:33  Orbital Command  
  113  9:34  Thor  
  117  9:38  Hellbat x2  
  117  9:39  Hellbat  
  114  9:45  SCV x2  
  115  9:57  SCV  
  116  10:25  SCV  
  117  10:28  Supply Depot  
  117  10:34  Supply Depot  
  117  10:50  SCV x2, Missile Turret, Thor  
  117  10:52  Missile Turret  
  117  10:55  Thor  
  117  10:56  Hellbat  
  133  10:58  Missile Turret  
  133  11:02  SCV  
  133  11:03  SCV x2  
  133  11:04  Hellbat  
  133  11:05  Hellbat  
  133  11:06  Hellbat  
  131  11:14  SCV  
  131  11:15  SCV  
  128  11:19  Thor  
  131  11:32  SCV x2  
  133  11:34  Refinery  
  133  11:36  Refinery  
  133  11:59  SCV x2, Thor  
  133  12:00  Hellbat x4  
  149  12:41  SCV x3  
  148  12:53  SCV  
  149  13:00  SCV x2  
  130  13:08  Hellbat  
  130  13:11  SCV  
  130  13:12  SCV x2  
Show
View Real Time Build Order
Export as new Build Order

æon Protoss 

Build Orders: 1 Gate Expand, Carriers 

Get SALT Encoding   

  12  0:00  Probe  
  13  0:15  Pylon  
  13  0:18  Probe  
  14  0:33  Gateway  
  14  0:36  Probe (Chrono Boost)  
  15  0:44  Assimilator  
  15  0:48  Probe (Chrono Boost)  
  17  0:57  Probe (Chrono Boost)  
  17  1:08  Probe  
  18  1:21  Nexus  
  18  1:31  Cybernetics Core  
  18  1:33  Probe (Chrono Boost)  
  18  1:39  Assimilator  
  19  1:44  Probe (Chrono Boost)  
  20  1:53  Pylon  
  20  1:59  Probe  
  21  2:13  Probe  
  21  2:30  Stargate  
  21  2:35  Probe (Chrono Boost)  
  21  2:36  Probe (Chrono Boost)  
  23  2:41  Warp Gate  
  24  2:45  Probe (Chrono Boost)  
  24  2:46  Probe (Chrono Boost)  
  24  2:50  Probe (Chrono Boost)  
  25  2:58  Probe, Assimilator  
  27  3:01  Stalker  
  27  3:03  Probe (Chrono Boost)  
  31  3:13  Void Ray  
  31  3:18  Probe x2 (Chrono Boost)  
  36  3:23  Probe (Chrono Boost)  
  36  3:26  Probe (Chrono Boost)  
  38  3:33  Assimilator  
  39  3:36  Probe (Chrono Boost)  
  39  3:38  Probe (Chrono Boost)  
  40  3:48  Probe (Chrono Boost)  
  41  3:54  Void Ray  
  41  3:58  Pylon  
  41  3:59  Probe  
  46  4:06  Stargate  
  46  4:07  Pylon  
  46  4:22  Probe  
  47  4:28  Probe  
  48  4:31  Void Ray  
  48  4:34  Probe  
  53  4:40  Probe  
  54  4:49  Nexus  
  54  4:50  Probe (Chrono Boost)  
  54  4:51  Pylon  
  55  4:53  Cybernetics Core  
  55  4:58  Probe (Chrono Boost)  
  56  5:02  Probe (Chrono Boost), Protoss Air Weapons Level 1  
  58  5:07  Probe (Chrono Boost)  
  58  5:09  Fleet Beacon  
  58  5:10  Probe (Chrono Boost)  
  58  5:12  Probe (Chrono Boost)  
  60  5:25  Probe x2  
  62  5:43  Stargate  
  62  5:45  Probe x2  
  62  5:46  Protoss Air Armor Level 1  
  64  5:52  Pylon  
  64  5:55  Pylon  
  70  6:02  Carrier (Chrono Boost)  
  76  6:08  Carrier (Chrono Boost)  
  76  6:27  Probe  
  77  6:33  Probe x2  
  77  6:37  Assimilator  
  77  6:39  Probe, Shield Battery, Assimilator  
  80  6:40  Pylon  
  80  6:41  Shield Battery  
  80  6:45  Probe x2  
  88  6:50  Carrier (Chrono Boost)  
  88  6:51  Probe  
  89  6:57  Probe x2  
  97  7:02  Carrier (Chrono Boost)  
  97  7:03  Probe  
  97  7:06  Carrier (Chrono Boost)  
  98  7:14  Probe x2 (Chrono Boost)  
  107  7:17  Probe (Chrono Boost)  
  107  7:26  Probe (Chrono Boost)  
  107  7:28  Probe (Chrono Boost)  
  109  7:42  Pylon  
  109  7:45  Pylon  
  109  7:48  Pylon  
  109  7:51  Forge  
  109  7:52  Pylon  
  109  7:55  Pylon  
  109  8:00  Probe x3, Pylon  
  109  8:04  Pylon  
  118  8:11  Carrier x3 (Chrono Boost)  
  126  8:33  Probe  
  127  8:45  Probe  
  128  8:53  Pylon  
  128  8:54  Pylon  
  128  8:59  Protoss Shields Level 1  
  128  9:03  Carrier (Chrono Boost)  
  128  9:04  Protoss Air Weapons Level 2  
  134  9:11  Carrier  
  134  9:14  Protoss Air Armor Level 2  
  140  9:25  Shield Battery  
  140  9:27  Probe  
  141  9:35  Nexus  
  141  9:36  Pylon  
  147  9:46  Carrier (Chrono Boost)  
  147  9:48  Stargate  
  147  9:50  Pylon  
  147  9:53  Pylon  
  147  9:57  Photon Cannon, Shield Battery  
  147  10:01  Photon Cannon  
  147  10:05  Assimilator  
  147  10:06  Assimilator  
  150  10:17  Carrier (Chrono Boost)  
  149  10:24  Robotics Facility  
  155  10:38  Carrier (Chrono Boost)  
  167  10:50  Carrier (Chrono Boost)  
  167  10:51  Carrier (Chrono Boost)  
  167  11:07  Carrier  
  173  11:19  Nexus  
  173  11:20  Pylon  
  173  11:28  Carrier  
  179  11:42  Carrier  
  185  11:51  Carrier  
  191  11:59  Assimilator  
  191  12:03  Assimilator  
  191  12:12  Probe x3  
  187  12:24  Probe, Carrier  
Show
View Real Time Build Order
Export as new Build Order

Massa Terran 

Build Orders: Reaper Expand 

Get SALT Encoding   

  12  0:00  SCV  
  13  0:12  SCV  
  14  0:23  Supply Depot  
  14  0:24  SCV  
  15  0:44  Refinery  
  15  0:45  SCV  
  15  0:46  Barracks  
  16  0:57  SCV  
  17  1:09  SCV  
  18  1:21  SCV  
  19  1:33  Reaper  
  19  1:36  Orbital Command  
  20  1:44  Command Center  
  20  2:02  SCV  
  20  2:05  Marine  
  22  2:28  SCV  
  23  2:31  Factory  
  23  2:32  Engineering Bay  
  23  2:33  Supply Depot  
  23  2:37  Barracks  
  23  2:40  Barracks Reactor  
  23  2:44  Supply Depot  
  23  2:47  Supply Depot  
  23  2:50  Supply Depot  
  23  2:55  SCV  
  24  2:58  Orbital Command  
  24  3:07  SCV  
  25  3:16  Factory Tech Lab  
  25  3:17  Marine  
  25  3:18  Marine  
  25  3:19  SCV  
  28  3:25  SCV  
  29  3:31  SCV  
  29  3:32  Missile Turret  
  30  3:35  Missile Turret  
  30  3:38  Barracks Tech Lab  
  30  3:41  Marine x2  
  32  3:57  SCV x2  
  34  4:09  SCV  
  34  4:18  Marine, Siege Tank  
  34  4:19  Marine  
  34  4:21  SCV x2  
  41  4:27  Missile Turret  
  41  4:29  Refinery  
  41  4:33  SCV  
  41  4:34  Armory  
  41  4:36  Refinery, SCV, Marine  
  44  4:40  Marine  
  44  4:42  Marauder  
  47  4:45  SCV  
  47  4:48  SCV  
  47  4:51  Stimpack  
  49  4:54  Marine  
  49  4:56  Refinery  
  49  4:58  Marine  
  51  5:03  Marine  
  52  5:12  Marine  
  52  5:13  Starport  
  53  5:16  Marine  
  53  5:20  Marine  
  57  5:21  Widow Mine  
  57  5:23  SCV x2  
  59  5:30  Marine  
  59  5:33  Marine  
  59  5:35  SCV x2  
  63  5:39  Marauder, Missile Turret  
  67  5:43  Widow Mine  
  67  5:47  SCV x2, Marine  
  70  5:56  Supply Depot  
  70  6:04  Supply Depot  
  70  6:07  Supply Depot  
  70  6:10  Supply Depot  
  70  6:17  SCV x2, Marine x2, Siege Tank  
  70  6:18  Supply Depot  
  77  6:26  Marauder, Liberator  
  77  6:29  SCV x2  
  77  6:30  Missile Turret, Combat Shield  
  84  6:33  Missile Turret  
  84  6:35  Marine x2  
  86  6:40  Supply Depot  
  86  6:48  Marauder, Command Center  
  86  6:49  Terran Vehicle And Ship Armor Level 1  
  86  6:50  Terran Infantry Armor Level 1  
  86  6:53  Engineering Bay  
  88  6:59  Barracks  
  88  7:03  Cyclone  
  88  7:04  Marine x2  
  93  7:08  Marine  
  93  7:09  Medivac  
  93  7:13  Missile Turret  
  96  7:22  Marine x2  
  98  7:25  Terran Infantry Weapons Level 1  
  98  7:27  SCV x2  
  100  7:33  Missile Turret  
  100  7:38  Medivac  
  100  7:39  SCV x2  
  104  8:00  Marauder, Marine x2  
  104  8:03  Barracks Reactor  
  108  8:08  Medivac  
  110  8:21  Marauder  
  112  8:33  Thor  
  114  8:43  Marauder  
  116  8:57  SCV x2  
  118  9:09  SCV  
  117  9:10  SCV  
  117  9:11  Marine x5  
  117  9:14  Starport Reactor  
  117  9:15  Terran Infantry Armor Level 2  
  122  9:18  Concussive Shells  
  122  9:21  SCV  
  122  9:22  SCV  
  124  9:29  Marine x5  
  129  9:33  SCV  
  129  9:34  SCV  
  131  9:47  Marine x2, Supply Depot  
  131  9:49  Supply Depot x2  
  131  9:50  Supply Depot  
  131  9:51  Terran Vehicle And Ship Armor Level 2, Supply Depot  
  133  9:56  Orbital Command  
  133  10:04  Refinery  
  133  10:05  Refinery  
  133  10:08  SCV, Marine, Thor  
  133  10:10  Marine x3  
  133  10:11  SCV  
  133  10:12  Factory  
  145  10:16  Factory  
  145  10:19  Missile Turret  
  145  10:20  SCV  
  146  10:24  Smart Servos  
  146  10:38  Missile Turret  
  146  10:40  Viking x2  
  150  10:43  Command Center  
  150  10:51  Thor  
  150  10:56  Supply Depot  
  156  10:57  Supply Depot x2  
  156  10:58  Missile Turret  
  156  11:00  Supply Depot  
  156  11:01  Supply Depot  
  156  11:02  Factory Tech Lab x2  
  156  11:08  Marine x5  
  156  11:10  Viking x2  
  165  11:17  Missile Turret  
  165  11:22  Supply Depot  
  165  11:24  Supply Depot  
  165  11:25  Marine  
  165  11:26  Marine x4  
  170  11:34  Thor  
  170  11:36  Starport  
  176  11:40  Viking x2  
  176  11:42  Factory  
  176  11:43  Marine, Thor x2  
  176  11:44  Marine x4  
  197  12:01  Marine  
  197  12:02  Marine x2  
  200  12:12  Starport Reactor  
  200  12:16  Armory  
  158  12:45  Marine x5  
  158  12:48  Factory Tech Lab  
  175  13:02  Marine  
  175  13:03  Marine x3  
  175  13:04  Marauder  
Show
View Real Time Build Order
Export as new Build Order

qqq Zerg 

Build Orders: Hatch First 

Get SALT Encoding   

  12  0:01  Drone  
  13  0:11  Drone  
  14  0:38  Hatchery  
  13  0:49  Drone  
  14  1:00  Spawning Pool  
  14  1:03  Overlord  
  13  1:07  Drone  
  14  1:12  Extractor  
  13  1:22  Drone  
  13  1:24  Drone  
  15  1:28  Drone  
  16  1:38  Drone  
  17  1:53  Drone  
  17  1:54  Queen  
  18  1:59  Queen  
  22  2:11  Drone x3  
  25  2:23  Drone, Overlord  
  25  2:26  Drone  
  27  2:37  Lair  
  27  2:40  Drone  
  28  2:48  Drone  
  28  2:50  Drone  
  30  2:52  Drone x2  
  30  2:55  Extractor  
  30  2:56  Drone  
  32  3:02  Drone  
  33  3:11  Drone x3  
  36  3:13  Overlord  
  36  3:22  Overlord  
  36  3:38  Drone, Spire  
  36  3:39  Zergling x2, Overlord  
  36  3:40  Drone  
  36  3:41  Drone  
  39  3:43  Extractor  
  38  3:49  Drone  
  39  3:59  Drone x2  
  39  4:00  Drone x2  
  39  4:02  Extractor  
  42  4:07  Hydralisk Den  
  42  4:08  Drone  
  42  4:09  Evolution Chamber  
  41  4:18  Overlord  
  41  4:19  Overlord  
  41  4:22  Drone x3  
  41  4:23  Drone  
  45  4:41  Drone  
  46  4:46  Hatchery  
  46  4:49  Zerg Missile Weapons Level 1  
  46  4:51  Mutalisk x2, Lurker Den  
  48  4:53  Drone  
  48  4:56  Drone  
  48  4:58  Drone  
  51  5:02  Drone x2  
  51  5:06  Mutalisk  
  55  5:10  Mutalisk  
  57  5:15  Muscular Augments  
  57  5:16  Drone  
  58  5:23  Mutalisk  
  58  5:25  Drone x2  
  58  5:26  Drone  
  58  5:27  Drone  
  64  5:34  Mutalisk  
  66  5:35  Overlord  
  66  5:49  Mutalisk  
  68  5:51  Hydralisk x2  
  68  5:52  Drone x2  
  74  6:16  Mutalisk x2  
  78  6:21  Mutalisk  
  78  6:23  Drone x3  
  78  6:24  Drone x3  
  84  6:27  Hatchery  
  80  6:33  Zerg Flyer Weapons Level 1  
  80  6:37  Mutalisk  
  80  6:39  Drone x2  
  84  6:48  Queen  
  84  6:49  Drone  
  84  6:52  Mutalisk  
  89  7:04  Drone  
  89  7:06  Overlord x2  
  90  7:09  Overlord  
  90  7:24  Overlord  
  90  7:25  Mutalisk, Overlord  
  90  7:26  Mutalisk  
  90  7:29  Extractor  
  93  7:30  Hatchery, Extractor, Drone x3  
  94  7:43  Drone, Spine Crawler x2, Queen  
  95  7:44  Drone  
  95  7:49  Hatchery, Mutalisk, Corruptor  
  99  7:51  Hatchery  
  99  7:58  Drone x2, Overlord  
  100  7:59  Overlord x2  
  100  8:04  Lurker x2  
  102  8:05  Mutalisk  
  104  8:27  Zerg Flyer Armor Level 1  
  104  8:28  Corruptor x2  
  104  8:32  Drone x5  
  104  8:33  Drone  
  114  8:37  Extractor  
  114  8:39  Extractor  
  111  8:48  Corruptor x3  
  113  8:55  Spore Crawler  
  116  8:58  Spine Crawler, Spore Crawler  
  116  8:59  Drone x6  
  120  9:26  Mutalisk x2, Corruptor x4  
  120  9:28  Drone x5  
  120  9:29  Drone x8  
  120  9:30  Drone x3  
  144  9:41  Drone x2  
  144  9:42  Drone x4  
  150  9:47  Spine Crawler, Spore Crawler x2  
  150  9:48  Spine Crawler, Spore Crawler  
  150  9:51  Spine Crawler, Spore Crawler  
  150  9:52  Drone x2, Spore Crawler  
  141  10:21  Zerg Flyer Weapons Level 2  
  141  10:25  Infestation Pit  
  141  10:26  Drone  
  141  10:27  Drone x7  
  141  10:28  Drone x7  
  153  10:31  Corruptor x4  
  153  10:32  Corruptor x3  
  169  10:39  Corruptor  
  169  10:40  Corruptor  
  169  10:42  Drone x2  
  175  10:43  Overlord  
  175  10:44  Overlord  
  175  10:46  Overlord  
  175  10:50  Drone x2  
  177  11:33  Drone  
  177  11:34  Drone x4  
  180  11:56  Extractor  
  180  11:57  Drone x2, Extractor  
  180  11:58  Drone x3  
  183  12:03  Spore Crawler x2  
  183  12:04  Spore Crawler  
  183  12:05  Spore Crawler x3  
  183  12:07  Spore Crawler  
  176  12:08  Spore Crawler x3  
  173  12:43  Corruptor x4  
  173  12:44  Corruptor x5  
Tags
 
Add a new tag
Caveats
  • Supply blocks, unpowered buildings, or Contaminate may cause inaccurate times.
  • Supply counts are checked every 10 seconds.